 Dungeon Crawl Stone Soup version 0.29.1-12-g30fa7ad0bf (webtiles) character file.

Game seed: 16150271943969523520

88 DolphinCoinslot the Grave Robber (level 4, 0/30 HPs)
             Began as a Vampire Necromancer on Dec 25, 2022.
             Was an Initiate of Gozag.
             Slain by an orc
             ... wielding a +0 club
              (3 damage)
             ... on level 4 of the Dungeon.
             The game lasted 00:24:49 (1381 turns).

DolphinCoinslot the Grave Robber (VpNe)             Turns: 1381, Time: 00:24:50

Health: 0/30       AC:  6    Str:  7    XL:     4   Next: 30%
Magic:  3/8        EV: 11    Int: 19    God:    Gozag
Gold:   108        SH:  3    Dex: 14    Spells: 5/9 levels left

rFire   . . .      SeeInvis +   h - +0 short sword
rCold   + . .      Faith    .   j - +0 buckler
rNeg    . . .      Spirit   .   m - +1 leather armour {rC+}
rPois   .          Reflect  .   b - +0 helmet
rElec   .          Harm     .   (no cloak)
rCorr   .          Rampage  .   c - +0 pair of gloves
Will    .....                   (no boots)
Stlth   ++........              (no amulet)
HPRegen 0.30/turn               (no ring)
MPRegen 0.11/turn               (no ring)

@: healing quickly
A: alive, fangs 3, see invisible, vampiric 2
a: Exsanguinate, Renounce Religion, Potion Petition, Call Merchant, Bribe Branch


You were on level 4 of the Dungeon.
You worshipped Gozag.
Gozag was aware of your devotion.
You visited 1 branch of the dungeon, and saw 4 of its levels.

You collected 228 gold pieces.
You spent 120 gold pieces at shops.

Inventory:

Hand Weapons
 h - a +0 short sword (weapon)
Armour
 b - a +0 helmet (worn)
 c - a +0 pair of gloves (worn)
 j - a +0 buckler (worn)
 m - a +1 leather armour of cold resistance (worn)
Scrolls
 e - a scroll of silence {unknown}
 f - a scroll of summoning {unknown}
 g - a scroll of magic mapping
 i - a scroll of enchant weapon {unknown}
 l - a scroll of identify


   Skills:
 + Level 0.5 Short Blades
 + Level 0.2 Armour
 + Level 2.3 Dodging
 + Level 3.1 Stealth
 + Level 3.0 Spellcasting
 + Level 5.5 Necromancy


You had 5 spell levels left.
You knew the following spells:

 Your Spells              Type           Power      Damage    Failure   Level
a - Necrotise             Necr           92%        1d8       3%          1
b - Vampiric Draining     Necr           23%        2d7       10%         3

Your spell library contained the following spells:

 Spells                   Type           Power      Damage    Failure   Level
 Agony                    Necr           23%        N/A       65%         5
 Animate Dead             Necr           Unusable   N/A       N/A         4

Dungeon Overview and Level Annotations

Branches:
Dungeon (4/15)
 Temple: D:4-7

Altars:
Gozag

Shops:
D:1 (   D:2 *


Innate Abilities, Weirdness & Mutations

Your natural rate of healing is accelerated.
You have razor-sharp teeth.
You have supernaturally acute eyesight. (SInv)
You are afflicted with vampirism and can become a bat while bloodless.


Message History

You barely miss the jackal. Your bite misses the jackal. The orc misses you.
The orc hits you but does no damage. You block the orc's attack.
The jackal bites you but does no damage.
The orc closely misses you. You block the jackal's attack. The orc misses you.
The orc closely misses you. The orc attacks as you move away!
The orc hits you with a +0 mace.
* * * LOW HITPOINT WARNING * * *
The jackal bites you but does no damage.
The jackal attacks as you move away! You block the jackal's attack.
The jackal bites you but does no damage.
There is a stone staircase leading down here.
The jackal misses you.
You climb downwards.
Found 17 gold pieces.
There is a stone staircase leading up here.
Casting: Necrotise (safe; 3% risk of failure)
Confirm with . or Enter, or press ? or * to list all spells.
You don't have enough magic to cast this spell.
It was a potion of curing.
You feel better.
The jackal bites you but does no damage.
The orc hits you with a +0 mace. The jackal barely misses you.
The jackal closely misses you. The orc closely misses you.
You climb upwards.
You hear the sound of rushing water.
There is an entrance to a sewer on this level.
Hurry and find it before the portal rusts away!
The orc hits you with a +0 club. The orc hits you with a +0 flail.
* * * LOW HITPOINT WARNING * * *
There is a stone staircase leading down here.
The jackal closely misses you. The orc barely misses you.
The orc hits you with a +0 flail.
* * * LOW HITPOINT WARNING * * *
The orc hits you with a +0 mace.
* * * LOW HITPOINT WARNING * * *
You climb downwards.
There is a stone staircase leading up here.
You closely miss the jackal.
The jackal bites you but does no damage.
The orc hits you but does no damage. The orc hits you with a +0 club.
You die...
Your body crumbles into a pile of gold.

#.. ..##
...# ..# ...
####.#######
#..ooo....$#
#@# #h# #r.
..#. #...#
..# . #.. #.
..# .#


You could see 3 orcs, a quokka and a jackal.

Vanquished Creatures
  Jessica (D:2)
  An adder (D:3)
  A dart slug (D:2)
  2 orcs (D:3)
  3 endoplasms
  7 giant cockroaches
  2 goblins (D:2)
  2 hobgoblins
  A jackal (D:3)
  3 kobolds
  3 quokkas (D:2)
  2 ball pythons
  8 bats
  4 rats
40 creatures vanquished.

Vanquished Creatures (collateral kills)
  2 endoplasms (D:1)
  A goblin (D:1)
  A kobold (D:2)
  A frilled lizard (D:1)
5 creatures vanquished.

Grand Total: 45 creatures vanquished

Notes
Turn   | Place    | Note
-------+----------+-------------------------------------------
     0 | D:1      | DolphinCoinslot the Vampire Necromancer began the quest for
                  | the Orb.
     0 | D:1      | Reached XP level 1. HP: 13/13 MP: 3/3
   166 | D:1      | Found Jacuin's Antique Weapon Emporium.
   171 | D:1      | Reached XP level 2. HP: 19/19 MP: 3/5
   381 | D:1      | Reached skill level 5 in Necromancy
   857 | D:2      | Found a faded altar of an unknown god.
   910 | D:2      | Prayed at the altar of an unknown god.
   910 | D:2      | Became a worshipper of Gozag Ym Sagoz the Greedy
   965 | D:2      | Gained mutation: You are afflicted with vampirism and can
                  | become a bat while bloodless. [Vampire growth]
   965 | D:2      | Reached XP level 3. HP: 24/24 MP: 1/6
  1014 | D:2      | Learned a level 3 spell: Vampiric Draining
  1087 | D:2      | Found Syddy's Assorted Antiques.
  1144 | D:2      | Noticed Jessica
  1154 | D:2      | Killed Jessica
  1155 | D:2      | Reached XP level 4. HP: 30/30 MP: 2/8
  1321 | D:2      | Bought a glowing leather armour for 120 gold pieces
  1381 | D:4      | Slain by an orc

Illustrated notes

Levels and vault maps discovered:
D:1:      minmay_arrival_shattered_statue, layout_basic, serial_shops,
          nicolae_shop_hallway_stairs
D:2:      layout_rooms, serial_shops, shop_fountains,
          ebering_ecumenical_altar_mist, chequers_serial_rivers_large_a,
          uniq_jessica
D:3:      layout_basic, portal_sewer_entry_e, chequers_serial_rivers_micro_c,
          minmay_pentomino_pile
D:4:      layout_loops_cross, grunt_temple_overflow_open, hex_medium,
          nicolae_kite_square_tiling_tiny, guppyfry_early_orc_mine

Skill      XL: |  1  2  3  4 |
---------------+-------------+-----
Necromancy     | 5 |  5.5
Spellcasting   | 3 |  3.0
Short Blades   | |  0.5
Armour         | |  0.2
Dodging        | |  2.3
Stealth        | |  3.1

Action                   |  1- 3 |  4- 6 || total
-------------------------+-------+-------++-------
Melee: Unarmed           |     3 |       ||     3
       Short sword       |    16 |    23 ||    39
       Bite              |     3 |       ||     3
       Punch             |     1 |       ||     1
 Cast: Necrotise         |    46 |     9 ||    55
       Vampiric Draining |     1 |     1 ||     2
  Use: Potion            |     1 |     1 ||     2
       Scroll            |       |     1 ||     1
 Stab: Sleeping          |       |     1 ||     1
Armor: Ring mail         |    29 |     4 ||    33
       Leather armour    |       |     9 ||     9
Dodge: Dodged            |    24 |    26 ||    50
Block: Buckler           |       |     8 ||     8
